 Dungeon Crawl Stone Soup version 0.17-a0-1731-g129c023 (webtiles) character file.

1033 Lippupalvelu the Scholar of Death (level 8, -1/52 HPs)
             Began as a Mummy Necromancer on Aug 29, 2015.
             Was a Follower of Kikubaaqudgha.
             Slain by an adder (3 damage)
             ... on level 6 of the Dungeon.
             The game lasted 00:33:04 (8235 turns).

Lippupalvelu the Scholar of Death (MuNe)            Turns: 8235, Time: 00:33:04

Health: -1/52      AC:  4    Str: 12    XL:     8   Next: 3%
Magic:  17/17      EV: 13    Int: 16    God:    Kikubaaqudgha [*.....]
Gold:   254        SH:  0    Dex: 12    Spells: 3 memorised, 11 levels left

rFire  x . .     SeeInvis .     a - +4 whip
rCold  + . .     Clarity  .     m - +0 robe "Veecvoil" {+Blink}
rNeg   + + +     SustAt   .     (no shield)
rPois  ∞         Gourm    .     (no helmet)
rElec  .         Spirit   .     (no cloak)
rCorr  .         Warding  .     (no gloves)
rMut   .         Stasis   .     (no boots)
MR     ++...                    (no amulet)
Stlth  ++........               l - ring of protection from magic
                                h - +2 ring of protection

@: very resistant to hostile enchantments, unstealthy
A: no food or potions, fire vulnerability, cold resistance 1, negative energy
resistance 3, torment resistance, unbreathing
a: Receive Corpses, Renounce Religion, Evoke Blink


You were on level 6 of the Dungeon.
You worshipped Kikubaaqudgha.
Kikubaaqudgha was aware of your devotion.
You were not hungry.

You visited 2 branches of the dungeon, and saw 7 of its levels.

You collected 254 gold pieces.

Inventory:

Hand weapons
 a - a +4 whip (weapon)
 c - a +0 dagger
 o - a +1 rapier
Armour
 j - a +1 robe
 m - the +0 robe "Veecvoil" (worn) {+Blink}
   (You found it on level 6 of the Dungeon)

   It lets you blink.
Jewellery
 g - a cursed ring of poison resistance
 h - a +2 ring of protection (left hand)
 l - a ring of protection from magic (right hand)
 q - a cursed -3 ring of dexterity
Magical devices
 e - a wand of flame (7)
Scrolls
 d - a scroll of identify
 k - a scroll of fog
 n - a scroll of fear {unknown}
 p - a scroll of teleportation
Books
 b - a book of Necromancy

   Spells                             Type                      Level
   a - Pain                           Necromancy                   1
   b - Animate Skeleton               Necromancy                   1
   c - Vampiric Draining              Necromancy                   3
   d - Regeneration                   Charms/Necromancy            3
   e - Animate Dead                   Necromancy                   4
   f - Control Undead                 Necromancy                   4
 i - Kikubaaqudgha's Compendium of Necromancy
   (Kikubaaqudgha gifted it to you on level 5 of the Dungeon)

   Spells                             Type                      Level
   a - Animate Skeleton               Necromancy                   1
   b - Pain                           Necromancy                   1
   c - Corpse Rot                     Necromancy                   2
   d - Vampiric Draining              Necromancy                   3
   e - Control Undead                 Necromancy                   4
Miscellaneous
 f - a plain deck of destruction {drawn: 4}


   Skills:
 + Level 3.7 Dodging
 - Level 1.5 Stealth
 * Level 6.1 Spellcasting
 + Level 6.4 Necromancy
 + Level 1.3 Evocations


You had 11 spell levels left.
You knew the following spells:

 Your Spells              Type           Power        Failure   Level  Hunger
a - Pain                  Necr           ####         1%          1    N/A
b - Vampiric Draining     Necr           ####......   3%          3    N/A
c - Animate Dead          Necr           N/A          12%         4    N/A

Dungeon Overview and Level Annotations

Branches:
Dungeon (6/15)             Temple (1/1) D:4

Altars:
Ashenzari
Cheibriados
Dithmenos
Fedhas
Kikubaaqudgha
Nemelex Xobeh
Trog
Xom
Yredelemnul
Zin
The Shining One


Innate Abilities, Weirdness & Mutations

You do not eat or drink.
Your flesh is vulnerable to fire.
You are immune to poison.
Your flesh is cold resistant.
You are immune to negative energy.
You are immune to unholy pain and torment.
You can survive without breathing.


Message History

The adder misses you. The adder bites you.
* * * LOW HITPOINT WARNING * * *
The adder closely misses you. The adder bites you.
* * * LOW HITPOINT WARNING * * *
The adder bites you.
* * * LOW HITPOINT WARNING * * *
The adder barely misses you. The adder bites you.
* * * LOW HITPOINT WARNING * * *
The adder misses you. The adder barely misses you. The adder barely misses you.
The adder closely misses you. The adder barely misses you.
The adder misses you. The adder barely misses you.
The adder completely misses you. The adder bites you.
* * * LOW HITPOINT WARNING * * *
The adder bites you.
You die...
Kikubaaqudgha rasps: "You have failed me!
Welcome... oblivion!"

...................#
##.........##...#.##
##..._...####.##†#
#.........##..##.#
...............##.###
..##....%##..#......#
# #..#..###.#.##.#.#
# ..###.S##...##...#
# .. #.@.....###### #
#...##.........# ###
#......##...#####.#
... ##..........# ##
#.....##...#
#####.###..# #.. ..>#
### ####


You could see an adder.

Vanquished Creatures
  Sigmund (D:4)
  The ghost of Promi the Shooter, an average HEHu of Sif Muna (D:5)
  A centaur (D:5)
  A scorpion (D:4)
  A crimson imp (D:5)
  A hound (D:5)
  3 orc priests
  4 orc wizards
  2 iguanas (D:5)
  2 worker ants
  5 gnolls
  6 adders
  2 shadow imps (D:5)
  An ooze (D:2)
  2 worms
  11 giant geckos
  17 orcs
  8 bats
  8 hobgoblins
  A jackal (D:4)
  5 kobolds
  A ball python (D:2)
  11 giant cockroaches
  6 giant newts
  10 goblins
  5 quokkas
  12 rats
128 creatures vanquished.

Notes
Turn   | Place    | Note
--------------------------------------------------------------
     0 | D:1      | Lippupalvelu the Mummy Necromancer began the quest for the Orb.
     0 | D:1      | Reached XP level 1. HP: 13/13 MP: 3/3
   226 | D:1      | Reached XP level 2. HP: 16/19 MP: 3/5
   962 | D:1      | Found a shattered altar of Ashenzari.
  1148 | D:2      | Reached XP level 3. HP: 17/24 MP: 1/6
  1202 | D:2      | Learned a level 3 spell: Vampiric Draining
  1239 | D:2      | Found a blossoming altar of Fedhas.
  2262 | D:2      | Reached XP level 4. HP: 27/30 MP: 4/8
  2497 | D:2      | You fall through a shaft!
  2574 | D:3      | Found a sparkling altar of Nemelex Xobeh.
  3301 | D:3      | Reached skill level 5 in Necromancy
  3648 | D:3      | Reached XP level 5. HP: 26/35 MP: 2/10
  4261 | D:3      | Found a bloodstained altar of Trog.
  4354 | D:3      | Learned a level 4 spell: Animate Dead
  4937 | D:4      | Found a staircase to the Ecumenical Temple.
  4946 | Temple   | Entered the Ecumenical Temple
  5041 | Temple   | Became a worshipper of Kikubaaqudgha
  5084 | D:4      | Reached XP level 6. HP: 18/41 MP: 6/12
  5456 | D:4      | Noticed Sigmund
  5472 | D:4      | Killed Sigmund
  5472 | D:4      | Reached skill level 5 in Spellcasting
  5946 | D:4      | Reached XP level 7. HP: 46/46 MP: 14/14
  6175 | D:5      | Entered Level 5 of the Dungeon
  6222 | D:5      | Found a snail-covered altar of Cheibriados.
  6266 | D:5      | Noticed Promi's ghost (average HEHu)
  6380 | D:5      | Killed Promi's ghost
  6380 | D:5      | Reached skill level 6 in Necromancy
  6984 | D:5      | Found a basalt altar of Yredelemnul.
  7354 | D:5      | Reached skill level 1 in Evocations
  7712 | D:5      | Reached XP level 8. HP: 31/52 MP: 13/17
  7714 | D:5      | Acquired Kikubaaqudgha's first power
  7714 | D:5      | Received a gift from Kikubaaqudgha
  7718 | D:5      | Identified Kikubaaqudgha's Compendium of Necromancy (Kikubaaqudgha gifted it to you on level 5 of the Dungeon)
  8059 | D:6      | Got a crude robe
  8070 | D:6      | Identified the +0 robe "Veecvoil" {+Blink} (You found it on level 6 of the Dungeon)
  8157 | D:6      | Found a shadowy altar of Dithmenos.
  8234 | D:6      | HP: 2/52 [adder (2)]
  8235 | D:6      | Slain by an adder

Vault maps used:
D:1:      dpeg_arrival_rooms_a, ashenzari_altar_1
D:2:      forest_paths, fedhas_altar_2
D:3:      lemuel_crystal_altar, bloody_trog
D:4:      minmay_temple_entry_mist, first_bread, portal_sewer_entry_f,
          amalloy_card_club, uniq_sigmund
D:5:      slow_altar_1, yredelemnul_altar_generic
D:6:      nicolae_dithmenos_shadow_blocks, minmay_ogre_servants, uniq_duvessa
Temple:   temple_of_Zot_ovaries

Action                   |  1- 3 |  4- 6 |  7- 9 || total
-------------------------+-------+-------+-------++-------
Melee: Dagger            |    64 |     4 |       ||    68
       Rapier            |       |    16 |       ||    16
       Whip              |       |    35 |   151 ||   186
 Cast: Pain              |    68 |   110 |    37 ||   215
       Animate Dead      |       |     2 |     1 ||     3
       Vampiric Draining |       |     5 |    11 ||    16
Evoke: Wand              |       |       |    10 ||    10
       Deck              |       |       |     4 ||     4
  Use: Scroll            |     3 |     9 |     2 ||    14
 Stab: Sleeping          |     2 |     1 |       ||     3
